 Dungeon Sprint DCSS version 0.30-a0-29-g142975f185 (webtiles) character file.

Game seed: 13986380074424138622

295 AttackTheMoon the Protected (level 6, -3/42 (62) HPs)
             Began as a Minotaur Fighter on Aug 26, 2022.
             Slain by Sonja
             ... wielding a +0 short sword of draining
              (4 damage)
             ... in the Dungeon (Sprint I: "Red Sonja").
             The game lasted 00:00:57 (199 turns).

AttackTheMoon the Protected (Minotaur Fighter)       Turns: 199, Time: 00:00:58

HP:   -3/42 (62)    AC:  4    Str: 23    XL:     6   Next: 11%
MP:   5/5           EV:  9    Int:  5    God:
Gold: 162           SH:  5    Dex:  9    Spells: 5/5 levels left

rFire   . . .      SeeInvis .    a - +0 war axe
rCold   . . .      Faith    .    c - +0 buckler
rNeg    . . .      Spirit   .    b - +0 scale mail
rPois   .          Reflect  .    (helmet restricted)
rElec   .          Harm     .    (no cloak)
rCorr   .          Rampage  .    (no gloves)
Will    .....      NoTele   +    (no boots)
Stlth   ..........               (no amulet)
HPRegen 0.14/turn                (no ring)
MPRegen 0.09/turn                (no ring)

@: corroded, very heavily drained
A: horns 2, retaliatory headbutt
a: no special abilities


You were in the Dungeon.
You visited 1 branch You collected 162 gold pieces.

Inventory:

Hand Weapons
 a - a +0 war axe (weapon)
Armour
 b - a +0 scale mail (worn)
 c - a +0 buckler (worn)
Wands
 d - a wand of light (3) (quivered)
Scrolls
 j - a scroll of blinking
Potions
 e - a potion of curing
 f - a potion of heal wounds
 g - a potion of haste
 h - 2 potions of magic
 i - a potion of berserk rage


   Skills:
 + Level 8.5 Fighting
 + Level 8.0 Axes
 + Level 8.5 Armour
 + Level 8.5 Shields


You had 5 spell levels left.
You didn't know any spells.
Your spell library was empty.

Dungeon Overview and Level Annotations

Branches:
Dungeon (1/1)

Altars:
Sif Muna
Vehumet
Wu Jian

Annotations:
D Sonja


Innate Abilities, Weirdness & Mutations

You have a pair of horns on your head.
You reflexively headbutt those who attack you in melee.


Message History

You feel drained.
Sonja hits you with a +0 short sword of draining.
You feel drained.
Sonja hits you with a +0 short sword of draining.
You feel drained.
You completely miss Sonja. Your headbutt misses Sonja.
Sonja is moderately wounded.
Sonja mumbles some strange words.
Sonja blinks!
Sonja casts a spell.
Sonja blinks!
No other quiver actions available for cycling.
Aiming: Bolt of Light
Press: ? - help, Q - select action Shift-Dir - straight line, f/p - Sonja
Aim: Sonja, wielding a +0 short sword of draining and quivering curare-tipped darts (moderately wounded, blind, 29% to hit)
The bolt of light misses Sonja.
Unknown command.
Aiming: Bolt of Light
Press: ? - help, Q - select action Shift-Dir - straight line, f/p - Sonja
Aim: Sonja, wielding a +0 short sword of draining and quivering curare-tipped darts (moderately wounded, blind, 29% to hit)
The bolt of light hits Sonja!!
Sonja is almost dead.
Sonja gestures wildly while chanting.
Sonja blinks!
Sonja hits you with a +0 short sword of draining.
You feel drained.
Sonja hits you with a +0 short sword of draining.
* * * LOW HITPOINT WARNING * * *
You feel drained.
* * * LOW HITPOINT WARNING * * *
You block Sonja's attack.
You completely miss Sonja. Your headbutt misses Sonja.
Sonja is almost dead.
You block Sonja's attack.
Sonja hits you with a +0 short sword of draining.
* * * LOW HITPOINT WARNING * * *
You feel drained.
* * * LOW HITPOINT WARNING * * *
Sonja hits you with a +0 short sword of draining.
You die...

#<.#..').#..'..#
#..').#..').#..+
#..#####'#####'#
#..# #..# #[#
#..# #### ##[#
#..# #+#_.+ #⌠⌠#
+..._# ####
#_K#+# ##@# #.#
$.$ #$§$# ##.##
#+#


You could see Sonja (blind).

Vanquished Creatures
  Sigmund (D)
  An ogre (D)
  A jelly (D)
  Ijyb (D)
4 creatures vanquished.

Notes
Turn   | Place    | Note
-------+----------+-------------------------------------------
     0 | D        | AttackTheMoon the Minotaur Fighter began the quest for the
                  | Orb.
     0 | D        | Reached XP level 1. HP: 19/19 MP: 0/0
     4 | D        | Noticed Ijyb
    12 | D        | Killed Ijyb
    13 | D        | Reached skill level 5 in Fighting
    13 | D        | Reached skill level 5 in Armour
    13 | D        | Reached skill level 5 in Shields
    13 | D        | Reached XP level 2. HP: 21/29 MP: 1/1
    16 | D        | Noticed an ogre
    19 | D        | Killed an ogre
    20 | D        | Reached skill level 5 in Axes
    20 | D        | Reached XP level 3. HP: 28/38 MP: 2/2
    20 | D        | Reached XP level 4. HP: 34/45 MP: 3/3
    29 | D        | Noticed Sigmund
    34 | D        | Killed Sigmund
    35 | D        | Reached XP level 5. HP: 27/53 MP: 4/4
    35 | D        | Reached XP level 6. HP: 31/61 MP: 5/5
   182 | D        | Found an ornate altar of the Wu Jian Council.
   182 | D        | Found a shimmering blue altar of Sif Muna.
   184 | D        | Found a radiant altar of Vehumet.
   191 | D        | Noticed Sonja
   199 | D        | HP: 1/42 [Sonja/+0 short sword of draining (3)]
   199 | D        | Slain by Sonja

Illustrated notes

Levels and vault maps discovered:
D:        dungeon_sprint_1 [red_sonja_temple_1, red_sonja_temple_small_1]

Skill      XL: |  1  2  3  4  5  6 |
---------------+-------------------+-----
Fighting       | 5 6 8 |  8.5
Axes           | 4 5 7 8 |  8.0
Armour         | 5 6 8 |  8.5
Shields        | 5 6 8 |  8.5

Action                   |  1- 3 |  4- 6 || total
-------------------------+-------+-------++-------
Melee: War axe           |     9 |    10 ||    19
       Headbutt          |     2 |     2 ||     4
Evoke: Wand              |       |     3 ||     3
  Use: Potion            |     1 |       ||     1
Armor: Scale mail        |     3 |     4 ||     7
Dodge: Dodged            |     4 |     4 ||     8
Block: Buckler           |     2 |     5 ||     7

Table legend: (Time is in decaauts)
 A = Elapsed time spent in this place.
 B = Non-inter-level travel time spent in this place.
 C = Inter-level travel time spent in this place.
 D = Time resting spent in this place.
 E = Time spent auto-exploring this place.
 F = Levels seen in this place.
 G = Mean time per level.
                   A        B        C        D        E       F      G
               +--------+--------+--------+--------+--------+-----+--------+
         Total |    204 |    204 |      0 |    135 |      0 |   1 |  204.0 |
       Dungeon |    204 |    204 |      0 |    135 |      0 |   1 |  204.0 |
               +--------+--------+--------+--------+--------+-----+--------+

Top non-repeatable levels by time:
       D: 204 daAuts
